 Dungeon Crawl Stone Soup version 0.19-a0-1496-gfc80c20 (webtiles) character file.

16 Xioaa the Digger (level 2, -1/15 HPs)
             Began as a Gargoyle Earth Elementalist on Sept 10, 2016.
             Slain by a goblin
             ... wielding a +0 club
             ... led by Robin
              (2 damage)
             ... on level 1 of the Dungeon.
             The game lasted 00:02:52 (954 turns).

Xioaa the Digger (Gargoyle Earth Elementalist)       Turns: 954, Time: 00:02:53

Health: -1/15      AC:  4    Str: 11    XL:     2   Next: 58%
Magic:  4/5        EV: 12    Int: 15    God:
Gold:   28         SH:  0    Dex: 10    Spells: 1 memorised, 5 levels left

rFire  . . .     SeeInvis .     b - 83 stones
rCold  . . .     Gourm    .     c - +0 robe
rNeg   + . .     Faith    .     (no shield)
rPois  ∞         Spirit   .     (no helmet)
rElec  +         Dismiss  .     (no cloak)
rCorr  .         Reflect  .     (no gloves)
MR     .....     Harm     .     (no boots)
Stlth  ++........               (no amulet)
                                (no ring)
                                (no ring)

@: no status effects
A: negative energy resistance 1, electricity resistance, unbreathing,
petrification resistance, rot immunity, AC +2
a: no special abilities


You were on level 1 of the Dungeon.
You were not hungry.

You visited 1 branch of the dungeon, and saw 2 of its levels.

You collected 28 gold pieces.

Inventory:

Hand Weapons
 a - a +0 spear
 h - a +0 club
Missiles
 b - 83 stones (in hand)
Armour
 c - a +0 robe (worn)
Scrolls
 f - a scroll of remove curse {unknown}
 i - a scroll of teleportation {unknown}
 k - a scroll of recharging {unknown}
 l - a scroll of enchant armour {unknown}
Potions
 j - 2 potions of lignification {unknown}
Books
 e - a book of Geomancy

   Spells                             Type                      Level
   a - Sandblast                      Earth                        1
   b - Passwall                       Transmutation/Earth          2
   c - Stone Arrow                    Conjuration/Earth            3
   d - Petrify                        Transmutation/Earth          4
   e - Lee's Rapid Deconstruction     Earth                        5
Comestibles
 d - 3 bread rations
 g - 4 chunks of flesh
 m - a meat ration


   Skills:
 - Level 1.5 Dodging
 - Level 2.1 Stealth
 * Level 2.6 Spellcasting
   Level 0.7 Transmutations
 + Level 3.9 Earth Magic


You had 5 spell levels left.
You knew the following spells:

 Your Spells              Type           Power        Failure   Level  Hunger
a - Sandblast             Erth           ##....       4%          1    #......


Dungeon Overview and Level Annotations

Branches:
Dungeon (2/15)

Altars:

Annotations:
D:2 Robin


Innate Abilities, Weirdness & Mutations

You are resistant to torment.
Your stone body is resilient. (AC +2)
You are immune to poison.
You resist negative energy. (rN+)
You are resistant to electric shocks. (rElec)
You can survive without breathing.
You are immune to petrification.
You are immune to rotting.


Message History

* * * LOW HITPOINT WARNING * * *
The goblin hits you but does no damage.
Unknown command.
You miss the goblin.
The hobgoblin hits you but does no damage.
The goblin hits you with a club.
* * * LOW HITPOINT WARNING * * *
Unknown command.
b - 84 stones (in hand)
The hobgoblin closely misses you. The goblin hits you with a club.
* * * LOW HITPOINT WARNING * * *
Casting: Sandblast
Confirm with . or Enter, or press ? or * to list all spells.
Aiming: Sandblast
Press: ? - help, Shift-Dir - straight line, f - goblin
Aim: a goblin, wielding a club The rocky blast misses the goblin.
The hobgoblin hits you but does no damage.
The goblin hits you with a club.
You die...

#.# #.#
#.# #.#
#.# #.#
#.# #.#
#.# #.#
#[# #.#
#.# #.#
#.# #.#
#.# #.#
#.# #.#
#.######
####g#
#.#
#.......
#.gg@#
#.#
#######.
#.####
#.#####
#. #.#
#..(..#
## #.#
#####.#
#.#####
#.#
#.....#
#.#
#####.#
###.#
#.#
#...#
#.#
#.###


You could see 2 hobgoblins and a goblin.

Vanquished Creatures
  A giant gecko (D:1)
  5 goblins (D:1)
  2 hobgoblins (D:1)
  3 bats
  2 giant newts (D:1)
  A kobold (D:1)
  2 rats (D:1)
16 creatures vanquished.

Notes
Turn   | Place    | Note
-------+----------+-------------------------------------------
     0 | D:1      | Xioaa the Gargoyle Earth Elementalist began the quest for the Orb.
     0 | D:1      | Reached XP level 1. HP: 10/10 MP: 3/3
   373 | D:1      | Reached XP level 2. HP: 12/15 MP: 1/5
   738 | D:2      | Noticed Robin
   954 | D:1      | Slain by a goblin

Vault maps used:
D:1:      onia_arrival_pyramid
D:2:      nemelex_altar_shiori, uniq_crazy_yiuf_cottage, uniq_robin,
          uniq_jessica

Action                   || total
-------------------------++-------
Melee: Spear             ||    27
 Cast: Sandblast         ||     9
 Stab: Sleeping          ||     2
Armor: Robe              ||    11
Dodge: Dodged            ||    28
